Map: [ESL] Hard Lead

Players

Serral - Winner!

  • Race: Zerg Zerg
  • Spawn Location: 11:00

Arrogfire

  • Race: Protoss Protoss
  • Spawn Location: 5:00

Event: ESL SC2 Masters 2023 Winter (Regional)

VOD

Have the link to the VOD?

Description

Time

  • Played on: Oct. 26, 2023, 12:41 p.m.
  • Length: 6:50

All games in this series

Show
View Real Time Build Order
Export as new Build Order

Serral Zerg - Winner!

Build Orders: Hatch First 

Get SALT Encoding   

  12  0:00  Drone  
  13  0:12  Overlord  
  13  0:16  Drone  
  14  0:30  Drone x2  
  16  0:47  Hatchery  
  15  0:51  Drone  
  15  0:54  Drone  
  17  0:57  Drone  
  18  1:08  Extractor  
  17  1:18  Spawning Pool  
  16  1:19  Drone  
  16  1:21  Drone  
  18  1:27  Drone  
  19  1:38  Drone  
  20  1:50  Overlord  
  20  2:04  Queen  
  20  2:05  Queen  
  20  2:06  Zergling x4  
  26  2:12  Drone x2  
  26  2:13  Metabolic Boost  
  28  2:21  Drone x2  
  30  2:34  Hatchery  
  29  2:40  Queen  
  32  2:44  Drone  
  32  2:45  Drone  
  32  2:49  Overlord  
  33  2:55  Zergling x2  
  33  2:56  Drone  
  33  2:57  Zergling x2  
  36  3:04  Overlord  
  36  3:15  Drone x5  
  36  3:17  Evolution Chamber  
  40  3:26  Overlord  
  38  3:27  Drone  
  38  3:29  Drone  
  38  3:34  Queen  
  40  3:38  Queen  
  40  3:41  Drone  
  45  3:48  Zergling x2, Drone x2  
  46  3:50  Drone  
  49  3:58  Drone x5  
  53  4:04  Spore Crawler x2  
  53  4:07  Drone  
  53  4:08  Drone  
  53  4:09  Drone  
  54  4:15  Queen  
  56  4:17  Drone x2  
  56  4:22  Zergling x2  
  59  4:25  Overlord  
  59  4:26  Drone x2  
  59  4:29  Drone  
  59  4:32  Drone x2  
  59  4:36  Drone x3  
  64  4:40  Drone x2  
  64  4:44  Extractor, Lair  
  65  4:50  Roach Warren  
  65  4:51  Drone x2  
  66  4:54  Drone x2  
  66  4:57  Drone x2  
  66  4:59  Overlord  
  70  5:00  Zergling x2  
  70  5:05  Drone  
  70  5:06  Drone x2  
  73  5:09  Extractor  
  73  5:10  Extractor, Overlord  
  73  5:13  Overlord x2  
  67  5:16  Pneumatized Carapace  
  67  5:19  Overlord  
  67  5:22  Spore Crawler  
  67  5:27  Zergling x4  
  67  5:28  Zergling x2  
  69  5:34  Roach x5  
  79  5:40  Roach x2  
  83  5:44  Roach x2  
  83  5:48  Zergling x8  
  91  5:51  Overlord  
  91  5:57  Roach  
  91  5:58  Zergling x4, Roach  
  91  6:02  Zergling x8  
  101  6:09  Zergling x8  
  104  6:12  Ravager x2  
  104  6:14  Ravager  
  104  6:15  Ravager  
  110  6:19  Zergling x6  
  110  6:22  Overlord  
  112  6:26  Overlord  
  112  6:28  Ravager x2  
Show
View Real Time Build Order
Export as new Build Order

Arrogfire Protoss 

Build Orders: 1 Gate Expand, Oracle Opening 

Get SALT Encoding   

  12  0:00  Probe  
  13  0:12  Probe  
  14  0:18  Pylon  
  14  0:24  Probe (Chrono Boost)  
  15  0:37  Probe (Chrono Boost)  
  15  0:38  Gateway  
  16  0:44  Probe (Chrono Boost)  
  16  0:46  Assimilator  
  17  0:51  Probe  
  18  1:03  Probe  
  19  1:16  Probe  
  20  1:23  Nexus  
  20  1:33  Cybernetics Core  
  20  1:37  Probe  
  21  1:42  Assimilator  
  21  1:50  Probe  
  21  1:52  Pylon  
  22  2:03  Probe  
  22  2:07  Adept (Chrono Boost)  
  23  2:15  Probe  
  26  2:19  Stargate  
  26  2:27  Adept (Chrono Boost)  
  26  2:28  Probe (Chrono Boost)  
  27  2:33  Warp Gate  
  27  2:36  Probe (Chrono Boost)  
  31  2:45  Probe x2 (Chrono Boost)  
  31  2:50  Probe (Chrono Boost), Adept  
  34  2:51  Probe  
  36  3:03  Oracle (Chrono Boost), Probe x2  
  38  3:07  Pylon  
  41  3:15  Probe x2  
  43  3:27  Probe x2  
  43  3:31  Oracle (Chrono Boost)  
  44  3:38  Gateway  
  44  3:39  Probe x2  
  46  3:51  Probe  
  46  3:52  Nexus, Probe  
  48  3:56  Pylon  
  48  4:03  Probe  
  48  4:04  Oracle (Chrono Boost)  
  48  4:07  Probe  
  53  4:10  Assimilator  
  53  4:12  Assimilator  
  53  4:14  Pylon  
  53  4:15  Probe  
  54  4:19  Probe  
  54  4:22  Adept  
  57  4:26  Twilight Council  
  57  4:28  Probe  
  58  4:32  Probe  
  58  4:34  Adept  
  61  4:39  Forge  
  61  4:40  Probe  
  61  4:44  Probe  
  63  4:47  Stalker  
  63  4:52  Probe  
  66  4:54  Gateway  
  66  4:56  Probe  
  67  5:04  Probe  
  67  5:06  Probe  
  67  5:09  Probe (Chrono Boost)  
  66  5:19  Probe (Chrono Boost)  
  66  5:20  Shield Battery, Stalker x2  
  66  5:21  Probe (Chrono Boost)  
  72  5:28  Probe x2 (Chrono Boost)  
  75  5:30  Probe (Chrono Boost)  
  75  5:31  Pylon  
  75  5:33  Probe (Chrono Boost)  
  75  5:35  Pylon, Probe  
  77  5:37  Robotics Facility  
  77  5:40  Robotics Facility, Probe  
  78  5:44  Stalker  
  78  5:45  Probe  
  78  5:47  Assimilator, Stalker  
  78  5:49  Probe  
  84  5:52  Probe  
  85  5:58  Probe  
  85  6:00  Stalker  
  85  6:03  Gateway x2  
  87  6:06  Gateway  
  87  6:10  Stalker  
  87  6:14  Stalker  
  87  6:16  Gateway  
  87  6:25  Shield Battery  
  87  6:26  Stalker  
  91  6:34  Stalker  
  91  6:39  Stalker  
Tags
 
Add a new tag
Caveats
  • Supply blocks, unpowered buildings, or Contaminate may cause inaccurate times.
  • Supply counts are checked every 10 seconds.